 Dungeon Crawl Stone Soup version 0.30-a0-141-g30f27751c5 (webtiles) character file.

Game seed: 4069084928781123391

370 brightshaft the Magician (level 7, -2/53 HPs)
             Began as a Djinni Conjurer on Sept 25, 2022.
             Killed by their own static electricity (3 damage)
             ... on level 4 of the Dungeon.
             The game lasted 00:06:13 (5160 turns).

brightshaft the Magician (Djinni Conjurer)          Turns: 5160, Time: 00:06:14

Health: -2/53      AC:  2    Str:  6    XL:     7   Next: 2%
Gold:   189        EV: 12    Int: 22    God:
                   SH:  5    Dex: 11

rFire   + + .      SeeInvis .    n - +0 whip
rCold   x . .      Faith    .    (no shield)
rNeg    . . .      Spirit   .    a - +0 robe
rPois   ∞          Reflect  +    (no helmet)
rElec   .          Harm     .    (no cloak)
rCorr   .          Rampage  .    (no gloves)
Will    .....                    (boots unavailable)
Stlth   ++........               i - amulet of reflection
HPRegen 0.17/turn                (no ring)
MPRegen 0.00/turn                (no ring)

@: flying
A: sickness immunity, fire resistance 2, cold vulnerability 1, float, innate
caster, HP casting, extra vitality 1
a: no special abilities


You were on level 4 of the Dungeon.
You visited 1 branch of the dungeon, and saw 4 of its levels.

You collected 189 gold pieces.

Inventory:

Hand Weapons
 c - a +0 sling
 n - a +0 whip (weapon)
Armour
 a - a +0 robe (worn)
 f - a +0 leather armour
 r - a +0 ring mail
Jewellery
 i - an amulet of reflection (around neck)
Scrolls
 b - 3 scrolls of identify {unknown}
 d - a scroll of vulnerability {unknown}
 g - a scroll of amnesia {unknown}
 j - a scroll of blinking {unknown}
 k - a scroll of brand weapon {unknown}
 l - a scroll of acquirement {unknown}
 o - a scroll of immolation {unknown}
 p - a scroll of fog {unknown}
 q - a scroll of teleportation {unknown}
 t - a scroll of poison {unknown}
Potions
 e - a potion of attraction {unknown}
 h - a potion of lignification {unknown}
 m - a potion of curing {@q1}
 s - a potion of mutation {unknown}


   Skills:
 + Level 4.4 Fighting
 - Level 2.1 Dodging
 - Level 1.5 Stealth
 + Level 4.9 Spellcasting


You couldn't memorise any spells.
You knew the following spells:

 Your Spells              Type           Power      Damage    Failure   Level
a - Magic Dart            Conj           100%       1d8       1%          1
b - Searing Ray           Conj           52%        2d6       1%          2
c - Dazzling Flash        Conj/Hex       52%        N/A       4%          3
d - Fulminant Prism       Conj/Hex       13%        3d9       14%         4
e - Iskenderun's Mystic   Conj/Tloc      26%        2d7       14%         4
f - Foxfire               Conj/Fire      100%       2x1d9     1%          1
g - Blink                 Tloc           52%        N/A       1%          2
h - Static Discharge      Conj/Air       52%        2-5/arc   1%          2
Your spell library was empty.

Dungeon Overview and Level Annotations

Branches:
Dungeon (4/15)
 Temple: D:4-7

Altars:

Annotations:
D:4 Duvessa


Innate Abilities, Weirdness & Mutations

You are immune to sickness and miasma.
You are immune to poison.
Your flesh is very heat resistant. (rF++)
You are vulnerable to cold. (rC-)
You float through the air rather than walking.
You learn spells naturally, not from books.
Your magical power is your life essence.
You have superior vitality. (+4 MHP)


Message History

Casting: Static Discharge (safe; 1% risk of failure)
Press: ? - help, Q - select action, (/) - cycle Dir - look around, f - activate Duvessa is struck by an arc of lightning.
Duvessa is lightly wounded.
You are struck by an arc of lightning.
Duvessa is struck by an arc of lightning.
Duvessa is moderately wounded.
The lightning grounds out.
Duvessa hits you with a +0 short sword!
Unknown command.
Casting: Static Discharge (safe; 1% risk of failure)
Press: ? - help, Q - select action, (/) - cycle Dir - look around, f - activate Duvessa is struck by an arc of lightning.
Duvessa is moderately wounded.
You are struck by an arc of lightning.
* * * LOW HITPOINT WARNING * * *
The lightning grounds out.
* * * LOW HITPOINT WARNING * * *
Duvessa hits you with a +0 short sword.
* * * LOW HITPOINT WARNING * * *
It was a potion of curing.
You feel better. Duvessa hits you with a +0 short sword!
* * * LOW HITPOINT WARNING * * *
Casting: Static Discharge (safe; 1% risk of failure)
Press: ? - help, Q - select action, (/) - cycle Dir - look around, f - activate Duvessa is struck by an arc of lightning.
Duvessa is heavily wounded.
You are struck by an arc of lightning.
* * * LOW HITPOINT WARNING * * *
Duvessa is struck by an arc of lightning.
Duvessa is severely wounded.
The lightning grounds out.
* * * LOW HITPOINT WARNING * * *
Duvessa closely misses you.
Casting: Static Discharge (safe; 1% risk of failure)
Press: ? - help, Q - select action, (/) - cycle Dir - look around, f - activate Duvessa is struck by an arc of lightning.
Duvessa is severely wounded.
You are struck by an arc of lightning.
You die...

....###.#.##.# ###.##.....
#.#.##...#.### #..#.....
######..##.# ##.#####' #####†#
#.### #. ######## #...###.
#########...# ###..##.
#.....#.#...# ##..#.
#####.###)#.#...##############...
......# #.#.....@e...............
......# #.#.....##############.##
......###'#.....# #.#
.............#### #>#
######.......# #.# #.......# #.#
#.......# #.# #.......# #.#
#...)...###### #.#


You could see Duvessa.

Vanquished Creatures
  A black bear (D:4)
  A vampire bat (D:4)
  A jelly (D:4)
  Jessica (D:2)
  4 adders
  An ufetubus (D:4)
  A worm (D:2)
  3 dart slugs
  3 fire bats (D:4)
  An orc (D:4)
  2 spectral bats (D:4)
  3 bat skeletons (D:4)
  A bat zombie (D:4)
  5 endoplasms
  A giant cockroach (D:1)
  4 goblins
  4 hobgoblins
  9 quokkas
  5 ball pythons
  15 bats
  A bat simulacrum (D:4)
  A frilled lizard (D:3)
  A kobold (D:4)
  3 rats
72 creatures vanquished.

Vanquished Creatures (others)
  A foxfire (D:4)
  3 fulminant prisms (D:4)
4 creatures vanquished.

Grand Total: 76 creatures vanquished

Notes
Turn   | Place    | Note
-------+----------+-------------------------------------------
     0 | D:1      | brightshaft the Djinni Conjurer began the quest for the
                  | Orb.
     0 | D:1      | brightshaft set off with the following spells memorised:
                  | Magic Dart, Searing Ray, Dazzling Flash, Fulminant Prism,
                  | Iskenderun's Mystic Blast.
     0 | D:1      | Reached XP level 1. HP: 15/15 MP: 0/0
   501 | D:1      | Reached skill level 1 in Fighting
   501 | D:1      | Reached XP level 2. HP: 16/22 MP: 0/0
   993 | D:1      | Reached XP level 3. HP: 21/27 MP: 0/0
   993 | D:1      | Learned a level 1 spell: Foxfire
  1842 | D:2      | Noticed an eye of devastation
  1848 | D:2      | Noticed a golden eye
  1850 | D:2      | Found a faded altar of an unknown god.
  1853 | D:2      | Noticed an eye of devastation
  1853 | D:2      | Noticed a golden eye
  2338 | D:2      | Noticed Jessica
  2341 | D:2      | Killed Jessica
  2342 | D:2      | Reached XP level 4. HP: 29/34 MP: 0/0
  3586 | D:4      | Reached XP level 5. HP: 34/40 MP: 0/0
  3586 | D:4      | Learned a level 2 spell: Blink
  4145 | D:4      | Reached XP level 6. HP: 44/46 MP: 0/0
  5100 | D:4      | Noticed a black bear
  5124 | D:4      | Killed a black bear
  5125 | D:4      | Reached XP level 7. HP: 36/53 MP: 0/0
  5125 | D:4      | Learned a level 2 spell: Static Discharge
  5142 | D:4      | Noticed Duvessa
  5160 | D:4      | Killed from afar by themself

Illustrated notes

Levels and vault maps discovered:
D:1:      dpeg_arrival_pond, layout_basic, grunt_decor_junction
D:2:      layout_basic, hellmonk_ecumenical_altar_watching_god, uniq_jessica
D:3:      layout_basic
D:4:      layout_basic, serial_shops, shop, goddamned_bats, uniq_duvessa

Skill      XL: |  1  2  3  4  5  6 |
---------------+-------------------+-----
Fighting       | 1 2 3 4 |  4.4
Spellcasting   | 4 |  4.9
Dodging        | |  2.1
Stealth        | |  1.5

Action                   |  1- 3 |  4- 6 |  7- 9 || total
-------------------------+-------+-------+-------++-------
Melee: Unarmed           |    11 |       |       ||    11
       Whip              |       |    61 |       ||    61
       Punch             |       |     1 |       ||     1
 Cast: Magic Dart        |    81 |    76 |       ||   157
       Searing Ray       |     1 |     2 |       ||     3
       Fulminant Prism   |       |     3 |       ||     3
       Foxfire           |       |     1 |       ||     1
       Static Discharge  |       |       |     5 ||     5
  Use: Potion            |       |       |     1 ||     1
Armor: Robe              |     1 |     2 |       ||     3
       Leather armour    |       |    65 |       ||    65
Dodge: Dodged            |    13 |   130 |     1 ||   144
Block: Other             |       |    53 |     2 ||    55

Table legend: (Time is in decaauts)
 A = Elapsed time spent in this place.
 B = Non-inter-level travel time spent in this place.
 C = Inter-level travel time spent in this place.
 D = Time resting spent in this place.
 E = Time spent auto-exploring this place.
 F = Levels seen in this place.
 G = Mean time per level.
                   A        B        C        D        E       F      G
               +--------+--------+--------+--------+--------+-----+--------+
         Total |   5163 |   5020 |    143 |      0 |   4505 |   4 | 1290.8 |
       Dungeon |   5163 |   5020 |    143 |      0 |   4505 |   4 | 1290.8 |
               +--------+--------+--------+--------+--------+-----+--------+

Top non-repeatable levels by time:
     D:4: 1617 daAuts
     D:1: 1402 daAuts
     D:2: 1308 daAuts
     D:3: 835 daAuts
